 Seeded DCSS version 0.29-a0-553-g81b289dbe5 (webtiles) character file.

Game seed: 5197682552777129174 (custom seed)

441 happo123 the Sneak (level 7, -2/40 HPs)
             Began as a Kobold Enchanter on June 6, 2022.
             Succumbed to Dowan's poison
             ... on level 4 of the Dungeon.
             The game lasted 00:13:00 (3612 turns).

happo123 the Sneak (Kobold Enchanter)               Turns: 3612, Time: 00:13:01

Health: -2/40      AC:  5    Str:  5    XL:     7   Next: 22%
Magic:  8/12       EV: 17    Int: 19    God:
Gold:   257        SH:  0    Dex: 21    Spells: 7/12 levels left

rFire   . . .      SeeInvis .   t - +1 dagger (venom)
rCold   . . .      Faith    .   g - orb {guile}
rNeg    . . .      Spirit   .   b - +0 robe
rPois   .          Reflect  .   v - +0 helmet
rElec   .          Harm     .   (no cloak)
rCorr   .          Rampage  .   m - +0 pair of gloves
Will    .....                   p - +0 pair of boots
Stlth   ++++......              h - amulet of magic regeneration
HPRegen 0.13/turn               l - ring of flight
MPRegen 0.53/turn               w - +6 ring of dexterity

@: lethally poisoned (-2 -> -18), flying
A: small, no large weapons, nightstalker 3
a: no special abilities


You were on level 4 of the Dungeon.
You visited 1 branch of the dungeon, and saw 4 of its levels.

You collected 257 gold pieces.

Inventory:

Hand Weapons
 a - a +1 dagger
 t - a +1 dagger of venom (weapon)
Armour
 b - a +0 robe (worn)
 g - an orb of guile (worn)
 m - a +0 pair of gloves (worn)
 p - a +0 pair of boots (worn)
 v - a +0 helmet (worn)
Jewellery
 h - an amulet of magic regeneration (around neck)
 l - a ring of flight (left hand)
 w - a +6 ring of dexterity (right hand)
Scrolls
 d - 2 scrolls of teleportation {unknown}
 f - 7 scrolls of identify {unknown}
 j - 2 scrolls of enchant weapon {unknown}
 n - a scroll of blinking {unknown}
 q - 2 scrolls of noise {unknown}
 r - a scroll of vulnerability {unknown}
 s - 2 scrolls of enchant armour {unknown}
 y - a scroll of fear {unknown}
 A - a scroll of fog {unknown}
Potions
 c - 3 potions of invisibility
 i - a potion of resistance {unknown}
 k - 2 potions of heal wounds {unknown}
 o - 2 potions of lignification {unknown}
 u - 2 potions of curing {unknown}
 x - a potion of haste {unknown}
 z - a potion of might {unknown}
 B - a potion of magic {unknown}


   Skills:
 + Level 2.4 Fighting
 + Level 3.3 Short Blades
 + Level 3.9 Dodging
 + Level 5.3 Stealth
 + Level 3.3 Spellcasting
 * Level 4.5 Hexes
 + Level 1.9 Ice Magic


You had 7 spell levels left.
You knew the following spells:

 Your Spells              Type           Power      Damage    Failure   Level
a - Ensorcelled Hibernat  Hex/Ice        30%        N/A       6%          2
b - Confusing Touch       Hex            20%        N/A       7%          3

Your spell library contained the following spells:

 Spells                   Type           Power      Damage    Failure   Level
 Tukima's Dance           Hex            20%        N/A       7%          3
 Beastly Appendage        Tmut           6%         N/A       14%         1
 Dazzling Flash           Conj/Hex       22%        N/A       17%         3
 Wereblood                Tmut           3%         N/A       22%         2
 Spider Form              Tmut/Pois      3%         N/A       41%         3


Dungeon Overview and Level Annotations

Branches:
Dungeon (4/15)
 Temple: D:4-7

Altars:
Vehumet
Yredelemnul

Shops:
D:2 =

Annotations:
D:4 Dowan


Innate Abilities, Weirdness & Mutations

You are small and have problems with some larger weapons.
You are completely attuned to the shadows.


Message History

Duvessa barely misses you.
Aiming: Ensorcelled Hibernation (safe; 7% risk of failure)
Press: ? - help, Q - select action, (/) - cycle Shift-Dir - straight line, f - Dowan, p - Duvessa
Aim: Dowan, wielding a +3 dagger of venom and wearing a +0 robe (chance to affect: 65%) Dowan looks drowsy...
You kill Duvessa!
Dowan shouts!
Dowan screams, "No!
Oh no!"
Dowan seems to find hidden reserves of power!
Dowan closely misses you.
Dowan says, "How can I live without her?"
Dowan hits you with a +3 dagger of venom.
You are poisoned.
You have reached level 7!
Casting: Ensorcelled Hibernation (safe; 6% risk of failure)
Confirm with . or Enter, or press ? or * to list all spells.
Your hands begin to glow red.
You feel very sick. Dowan barely misses you.
You hit Dowan but do no damage.
You feel sick.
Dowan hits you with a +3 dagger of venom!
You barely miss Dowan.
You feel sick.
Dowan breathes, "And she was my only..."
Dowan hits you with a +3 dagger of venom.
You are more poisoned.
Dowan hits you with a +3 dagger of venom.
You hit Dowan but do no damage.
You feel very sick.
Dowan hits you with a +3 dagger of venom.
* * * LOW HITPOINT WARNING * * *
You are more poisoned.
You hit Dowan but do no damage.
Dowan appears confused.
* * * LOW HITPOINT WARNING * * *
You feel very sick.
* * * LOW HITPOINT WARNING * * *
You feel very sick. Dowan closely misses you.
It was a potion of flight.
You feel more buoyant.
You die...

#......................#
#......................#
#......................#
#......................#
####........#########.....#
......#######.......#.....#
......#............?#.....#
......#........e....#....)#
......#........)@...#.....#
......###..###......#.....#
..#######..###......#######
..#.....)....#.......
..#.....)....#.......
..#..........#
..#†.........#
..#...###..### .##...####+#


You could see Dowan (fast, confused).

Vanquished Creatures
  Duvessa (D:4)
  A necrophage (D:4)
  A scorpion (D:4)
  The ghost of Rudyous the Covered, a weakling MeFi of Ignis (D:3)
  A scorpion zombie (D:3)
  Robin (D:3)
  3 gnolls (D:4)
  4 adders
  3 worms
  2 dart slugs
  4 orcs (D:3)
  7 endoplasms
  2 giant cockroaches
  9 goblins
  6 hobgoblins
  4 jackals (D:3)
  5 kobolds
  2 quokkas
  A ball python zombie (D:3)
  4 frilled lizards
  A quokka zombie (D:3)
  3 rats
66 creatures vanquished.

Notes
Turn   | Place    | Note
-------+----------+-------------------------------------------
     0 | D:1      | happo123 the Kobold Enchanter began the quest for the Orb.
     0 | D:1      | Reached XP level 1. HP: 10/10 MP: 3/3
   408 | D:1      | Reached XP level 2. HP: 16/16 MP: 5/5
   411 | D:1      | Learned a level 2 spell: Ensorcelled Hibernation
   863 | D:2      | Reached XP level 3. HP: 20/20 MP: 6/6
   879 | D:2      | Learned a level 3 spell: Confusing Touch
   889 | D:2      | Found Joajunuw's Jewellery Shoppe.
  1140 | D:2      | Reached skill level 1 in Fighting
  1535 | D:3      | Found a basalt altar of Yredelemnul.
  1559 | D:3      | Reached XP level 4. HP: 16/25 MP: 7/7
  1731 | D:3      | Found a radiant altar of Vehumet.
  2088 | D:3      | Reached XP level 5. HP: 16/29 MP: 3/9
  2089 | D:3      | Noticed Robin
  2096 | D:3      | Killed Robin
  2283 | D:3      | Found a faded altar of an unknown god.
  2360 | D:3      | Found a runed translucent door.
  2368 | D:3      | Noticed Rudyous's ghost (weakling MeFi)
  2404 | D:3      | Killed Rudyous's ghost
  2405 | D:3      | Reached skill level 1 in Ice Magic
  3241 | D:4      | Reached skill level 5 in Stealth
  3241 | D:4      | Reached XP level 6. HP: 34/35 MP: 10/10
  3599 | D:4      | Noticed Duvessa
  3600 | D:4      | Noticed Dowan
  3605 | D:4      | Killed Duvessa
  3606 | D:4      | Reached XP level 7. HP: 37/40 MP: 8/12
  3611 | D:4      | HP: 2/40 [poisoned by Dowan]
  3612 | D:4      | Succumbed to Dowan's poison

Illustrated notes

Levels and vault maps discovered:
D:1:      dpeg_arrival_oval, layout_basic, chequers_serial_rivers_micro_c
D:2:      layout_basic, serial_shops,
          nicolae_shop_temple_entry_statues_fountains
D:3:      layout_basic, nicolae_vehumet_radiance,
          nicolae_yredelemnul_corpse_copse, ebering_ghost_reflecting_pool,
          dreamdust_ecumenical_altar_angels_and_demons,
          minmay_stone_trees_medium, uniq_robin
D:4:      layout_gridville, uniq_duvessa, uniq_ijyb

Skill      XL: |  1  2  3  4  5  6 |
---------------+-------------------+-----
Fighting       | 1 2 |  2.4
Short Blades   | 2 3 |  3.3
Dodging        | 3 |  3.9
Ice Magic      | 1 |  1.9
Stealth        | 5 |  5.3
Spellcasting   | 3 |  3.3
Hexes          | 4 |  4.5

Action                   |  1- 3 |  4- 6 |  7- 9 || total
-------------------------+-------+-------+-------++-------
Melee: Dagger            |    42 |    84 |     4 ||   130
 Cast: Ensorcelled Hiber |     7 |    38 |       ||    45
       Confusing Touch   |     1 |     4 |     1 ||     6
  Use: Potion            |       |       |     1 ||     1
 Stab: Sleeping          |    16 |    38 |       ||    54
       Confused          |     1 |     2 |       ||     3
       Distracted        |       |     1 |       ||     1
Armor: Robe              |     2 |     8 |       ||    10
Dodge: Dodged            |    16 |    48 |     2 ||    66

Table legend: (Time is in decaauts)
 A = Elapsed time spent in this place.
 B = Non-inter-level travel time spent in this place.
 C = Inter-level travel time spent in this place.
 D = Time resting spent in this place.
 E = Time spent auto-exploring this place.
 F = Levels seen in this place.
 G = Mean time per level.
                   A        B        C        D        E       F      G
               +--------+--------+--------+--------+--------+-----+--------+
         Total |   3596 |   3104 |    492 |    170 |   2339 |   4 |  899.0 |
       Dungeon |   3596 |   3104 |    492 |    170 |   2339 |   4 |  899.0 |
               +--------+--------+--------+--------+--------+-----+--------+

Top non-repeatable levels by time:
     D:3: 1611 daAuts
     D:2: 912 daAuts
     D:1: 626 daAuts
     D:4: 446 daAuts
